 Dungeon Crawl Stone Soup version 0.30-a0-1161-g0704695555 (console) character file.

Game seed: 3186649315358718267

137 petzl the Sneak (level 5, 0/41 HPs)
             Began as a Formicid Delver on Apr 27, 2023.
             Slain by an orc
             ... wielding a +0 trident
              (5 damage)
             ... on level 3 of the Dungeon.
             The game lasted 00:13:20 (3665 turns).

petzl the Sneak (Formicid Delver)                   Turns: 3665, Time: 00:13:21

Health: 0/41       AC:  5    Str: 16    XL:     5   Next: 44%
Magic:  8/8        EV: 12    Int: 12    God:
Gold:   227        SH:  0    Dex: 15    Spells: 9/9 levels left

rFire   . . .        k - +1 dagger (pain) {!f =f}
rCold   . . .        (no shield)
rNeg    . . .        b - +0 leather armour
rPois   .            (helmet unavailable)
rElec   .            (no cloak)
rCorr   .            h - +0 pair of gloves
SInv    +            q - +0 pair of boots
Will    .....        (no amulet)
Stlth   +++          (no ring)
HPRegen 0.26/turn    (no ring)
MPRegen 0.11/turn

%: no passive effects
@: no status effects
A: permanent stasis, dig shafts and tunnels, antennae 3, four strong arms
a: Dig, Shaft Self


You were on level 3 of the Dungeon.
You visited 1 branch of the dungeon, and saw 6 of its levels.

You collected 227 gold pieces.

Inventory:

Hand Weapons
 a - a +0 mace
 i - a +0 morningstar
 k - a +1 dagger of pain (weapon) {!f =f}
Armour
 b - a +0 leather armour (worn)
 h - a +0 pair of gloves (worn)
 q - a +0 pair of boots (worn)
Jewellery
 u - a ring of flight
 v - a ring of magical power
 w - an amulet of faith
Wands
 f - a wand of digging (3)
 g - a wand of charming (2)
Scrolls
 c - a scroll of fog
 d - a scroll of magic mapping
 e - a scroll of fear
 j - 2 scrolls of teleportation {unknown}
 n - 3 scrolls of enchant armour {unknown}
 o - 2 scrolls of amnesia {unknown}
 r - 2 scrolls of identify {unknown}
 s - a scroll of poison {unknown}
 y - a scroll of enchant weapon {unknown}
 z - a scroll of vulnerability {unknown}
Potions
 l - a potion of invisibility {unknown}
 m - 2 potions of heal wounds {unknown}
 p - 3 potions of degeneration {unknown}
 t - a potion of mutation {unknown}
 x - a potion of brilliance {unknown}
 A - a potion of flight {unknown}


   Skills:
 - Level 3.2 Fighting
 - Level 2.0 Maces & Flails
 + Level 2.8 Armour
 - Level 1.7 Dodging
 + Level 7.0 Stealth
 + Level 2.5 Spellcasting


You had 9 spell levels left.
You didn't know any spells.
Your spell library contained the following spells:

 Spells                   Type           Power      Damage    Failure   Level
 Magic Dart               Conj           4%         1d3       30%         1
 Call Imp                 Summ           2%         N/A       43%         2
 Mephitic Cloud           Conj/Pois/Air  1%         N/A       67%         3


Dungeon Overview and Level Annotations

Branches:
Dungeon (6/15)
 Temple: D:4-7

Altars:
Ashenzari
Dithmenos
Fedhas

Annotations:
D:3 Natasha
D:4 exclusions: scorpion and upstairs
D:5 exclusion: iguana


Innate Abilities, Weirdness & Mutations

You cannot be hasted, slowed, berserked, paralysed or teleported.
You can dig through walls and to a lower floor.
You have a pair of large antennae on your head. (SInv)
Your four strong arms can wield two-handed weapons with a shield.


Message History

The kobold throws a poisoned dart.
The poisoned dart misses you.
You feel sick.
Something hits the plant.
You feel sick.
You feel sick.
You feel sick.
You feel sick.
You feel sick.
You feel sick.
You feel sick.
You are no longer poisoned.
The kobold throws a poisoned dart.
The poisoned dart closely misses you.
The kobold throws a poisoned dart.
The poisoned dart misses you.
You hit the kobold but do no damage. The kobold closely misses you.
The orc hits you from afar with a +0 trident.
You closely miss the kobold. The kobold closely misses you.
The orc hits you from afar with a +0 trident!
You hit the kobold but do no damage. The kobold hits you with a +0 dagger.
The orc closely misses you.
You hit the kobold.
The kobold is severely wounded.
The kobold hits you but does no damage. The orc closely misses you.
You closely miss the kobold.
The kobold is severely wounded.
The kobold hits you but does no damage.
The orc hits you from afar with a +0 trident.
You hit the kobold.
You kill the kobold!
The orc hits you from afar with a +0 trident.
The orc misses you.
Things that are here:
a +0 dagger {!f =f}; 3 poisoned darts; a kobold corpse You barely miss the orc.
The orc completely misses you.
You hit the orc but do no damage. The orc barely misses you.
You hit the orc but do no damage. The orc hits you with a +0 trident.
* * * LOW HITPOINT WARNING * * *
You closely miss the orc. The orc hits you with a +0 trident!
* * * LOW HITPOINT WARNING * * *
You barely miss the orc. The orc barely misses you.
You completely miss the orc. The orc hits you with a +0 trident.
You die...

#..#..#..#
##.)#..#..#
.##'#'##..#
......†...#
h....§)...## ###
#o{##'#....#######.#
#..#).#..#.....{...#
#.K#).#..#..######.#
#P.####..#.{# #.#
.........#{.# #.#
#..K...##{..# #.#
#......##{#.# #.#
#....).##.#.# #.#
#......##h#.# #.#
#.......h.#.# #.#
g..##.....#.# #.#
...##)....#.# #.#
..........#.# #o#
......#...#.# #@#
......#...#.# #.#
......#...#.# #.#
......##.##.# #.#
..#.### .##.# #.#
.#..# .##.# #.#
##.## #.# #.# #..
#.# #.# #### #.# #.#
#.# #.# #### #.# #.#
...# #.# #.# ##.#
#<# #.# #.# ### #.#
#.# #.# #.# ###.#
#.# #...#
#.#############.###
#...............#


You could see an orc.

Vanquished Creatures
  2 adders
  2 worms
  4 dart slugs
  16 orcs
  4 bats
  3 endoplasms (D:1)
  2 giant cockroaches
  9 goblins
  9 hobgoblins
  4 jackals (D:1)
  3 quokkas (D:2)
  9 ball pythons
  2 frilled lizards
  5 kobolds
  8 rats
82 creatures vanquished.

Vanquished Creatures (others)
  8 plants (D:3)
8 creatures vanquished.

Grand Total: 90 creatures vanquished

Notes
Turn   | Place    | Note
-------+----------+-------------------------------------------
     0 | D:5      | petzl the Formicid Delver began the quest for the Orb.
     0 | D:5      | Reached XP level 1. HP: 18/18 MP: 1/1
     1 | D:6      | Noticed an ogre
    34 | D:5      | Noticed an iguana
    90 | D:4      | Noticed a scorpion
   178 | D:4      | Reached XP level 2. HP: 24/24 MP: 1/3
   200 | D:4      | Reached skill level 1 in Armour
   318 | D:4      | Reached skill level 1 in Spellcasting
   389 | D:4      | Reached XP level 3. HP: 23/29 MP: 4/4
   589 | D:3      | Found a shadowy altar of Dithmenos.
   589 | D:3      | Found a blossoming altar of Fedhas.
   589 | D:3      | Found a broken altar of Ashenzari.
   745 | D:3      | Noticed Natasha
  1257 | D:2      | Reached XP level 4. HP: 35/35 MP: 6/6
  1829 | D:1      | Found a faded altar of an unknown god.
  2422 | D:1      | Reached XP level 5. HP: 41/41 MP: 8/8
  3445 | D:3      | Reached skill level 7 in Stealth
  3665 | D:3      | Slain by an orc

Illustrated notes

Levels and vault maps discovered:
D:1:      minmay_arrival_doors, layout_basic,
          dreamdust_ecumenical_altar_hidden_monk_grotto, minmay_tromino_v7
D:2:      layout_loops_corners, kennysheep_potato
D:3:      corexii_shack_village, layout_basic, gammafunk_temple_overflow_claw,
          nrook_loot_triangle, serial_bayou_pond_a, serial_park_tiny_1,
          guppyfry_early_orc_mine, uniq_natasha
D:4:      layout_loops_ring, nrook_mini_vaults
D:5:      layout_basic, temple_pool_b, uniq_blork_the_orc, uniq_duvessa,
          uniq_grinder
D:6:      layout_loops_ring, uniq_menkaure

Skill      XL: |  1  2  3  4  5 |
---------------+----------------+-----
Armour         | 1 2 |  2.8
Spellcasting   | 1 2 |  2.5
Stealth        | 7 |  7.0
Fighting       | |  3.2
Maces & Flails | |  2.0
Dodging        | |  1.7

Action                     |  1- 3 |  4- 6 || total
---------------------------+-------+-------++-------
  Melee: Mace              |    57 |       ||    57
         Dagger            |    67 |   191 ||   258
         Punch             |     2 |     1 ||     3
   Stab: Sleeping          |     4 |    15 ||    19
         Distracted        |       |     1 ||     1
 Armour: Leather armour    |    25 |    67 ||    92
  Dodge: Dodged            |    77 |   124 ||   201

Table legend: (Time is in decaauts)
 A = Elapsed time spent in this place.
 B = Non-inter-level travel time spent in this place.
 C = Inter-level travel time spent in this place.
 D = Time resting spent in this place.
 E = Time spent auto-exploring this place.
 F = Levels seen in this place.
 G = Mean time per level.
                   A        B        C        D        E       F      G
               +--------+--------+--------+--------+--------+-----+--------+
         Total |   3689 |   3584 |    105 |    432 |   1773 |   6 |  614.8 |
       Dungeon |   3689 |   3584 |    105 |    432 |   1773 |   6 |  614.8 |
               +--------+--------+--------+--------+--------+-----+--------+

Top non-repeatable levels by time:
     D:2: 1127 daAuts
     D:1: 1080 daAuts
     D:3: 961 daAuts
     D:4: 455 daAuts
     D:5: 61 daAuts
     D:6: 1 daAuts
